Map: 2000 Atmospheres LE

Players

Gerald

  • Race: Protoss Protoss

Clem - Winner!

  • Race: Terran Terran

Event: DreamHack SC2 Masters 2021 Fall

VOD

Have the link to the VOD?

Description

Time

  • Played on: July 30, 2021, 11:32 a.m.
  • Length: 11:04

All games in this series

Show
View Real Time Build Order
Export as new Build Order

Gerald Protoss 

Build Orders: 1 Gate Expand, Oracle Opening 

Get SALT Encoding   

  12  0:00  Probe  
  13  0:12  Probe  
  14  0:17  Pylon  
  14  0:25  Probe (Chrono Boost)  
  15  0:37  Probe (Chrono Boost)  
  15  0:38  Gateway  
  16  0:45  Probe (Chrono Boost)  
  16  0:46  Assimilator  
  17  0:51  Probe  
  18  1:03  Probe  
  19  1:15  Probe  
  20  1:25  Cybernetics Core  
  20  1:27  Probe  
  21  1:34  Nexus  
  21  1:43  Pylon  
  21  1:44  Probe  
  22  1:49  Assimilator  
  22  1:56  Probe  
  22  1:59  Adept (Chrono Boost)  
  23  2:05  Pylon  
  25  2:08  Probe  
  26  2:19  Stalker (Chrono Boost)  
  28  2:25  Probe  
  29  2:33  Stargate  
  29  2:37  Probe  
  30  2:49  Probe, Warp Gate  
  31  2:52  Probe  
  32  3:01  Probe  
  32  3:04  Probe  
  34  3:11  Void Ray (Chrono Boost)  
  34  3:13  Probe  
  34  3:16  Probe  
  38  3:23  Stalker  
  38  3:25  Probe  
  38  3:26  Gateway  
  41  3:28  Probe  
  42  3:34  Pylon, Gateway  
  42  3:37  Probe  
  43  3:43  Probe  
  43  3:44  Oracle (Chrono Boost)  
  47  3:53  Probe  
  48  3:57  Probe  
  49  4:07  Probe  
  49  4:09  Twilight Council, Probe  
  51  4:19  Probe  
  51  4:22  Probe  
  51  4:23  Nexus  
  53  4:25  Forge  
  53  4:30  Pylon  
  53  4:31  Probe  
  54  4:40  Blink (Chrono Boost), Probe  
  54  4:43  Assimilator x2, Probe  
  53  4:49  Stalker  
  53  4:52  Protoss Ground Weapons Level 1, Probe  
  56  4:56  Probe  
  56  4:57  Gateway  
  57  5:01  Gateway  
  57  5:06  Pylon, Probe  
  58  5:23  Probe  
  58  5:24  Shield Battery  
  58  5:26  Stalker x3  
  58  5:28  Probe  
  65  5:31  Shield Battery  
  66  5:35  Probe  
  66  5:37  Probe  
  66  5:40  Probe  
  68  5:49  Templar Archives, Probe (Chrono Boost)  
  70  5:50  Pylon  
  70  5:51  Stalker, Probe (Chrono Boost)  
  73  5:57  Probe (Chrono Boost)  
  73  6:01  Stalker x2, Probe (Chrono Boost)  
  73  6:02  Stalker  
  73  6:03  Probe (Chrono Boost)  
  81  6:05  Probe (Chrono Boost)  
  81  6:06  Probe (Chrono Boost)  
  81  6:09  Shield Battery  
  82  6:12  Probe  
  82  6:16  Probe x2  
  82  6:17  Zealot  
  82  6:18  Zealot  
  89  6:21  Pylon  
  89  6:22  Charge (Chrono Boost)  
  89  6:25  Probe  
  86  6:32  Stalker  
  86  6:33  Stalker x2  
  86  6:39  Probe  
  87  6:45  Zealot x2  
  89  6:51  Psionic Storm  
  85  6:54  Probe  
  85  6:56  Probe  
  85  6:57  Probe  
  85  6:59  Photon Cannon  
  88  7:02  High Templar, Zealot x2  
  88  7:03  Assimilator  
  88  7:06  Gateway, Zealot, Probe  
  88  7:07  Assimilator, Gateway  
  97  7:09  Zealot  
  99  7:16  Pylon  
  99  7:22  Probe  
  100  7:25  Photon Cannon  
  99  7:34  Zealot x5  
  69  7:55  Stalker x5  
  69  7:56  Probe  
  75  7:59  Probe  
  66  8:08  Probe  
  66  8:10  Stalker x2  
  69  8:13  Shield Battery  
  69  8:19  Stalker x4  
  76  8:24  Probe  
  77  8:27  Probe x2  
  77  8:29  Photon Cannon  
  74  8:36  Probe  
  74  8:37  Zealot x3  
  74  8:39  Probe  
  82  8:45  High Templar x3  
  82  8:46  High Templar  
  87  8:50  Archon  
  87  8:51  Archon  
  80  9:05  Zealot x3  
  84  9:11  Probe  
  84  9:16  Probe  
  86  9:21  High Templar x2  
  86  9:22  Zealot x2  
  86  9:23  Probe  
  95  9:25  Gateway  
  95  9:26  Gateway  
  95  9:31  Nexus  
  95  9:32  Zealot  
  95  9:33  Zealot x2  
  89  9:48  Zealot  
  89  9:49  Zealot  
  77  9:53  Zealot x5  
  81  10:03  Probe  
  81  10:04  Probe  
  81  10:05  Photon Cannon  
  81  10:06  Shield Battery  
  77  10:10  Zealot x2  
  75  10:18  Zealot x5  
  81  10:22  Photon Cannon  
  81  10:26  Zealot x3  
Show
View Real Time Build Order
Export as new Build Order

Clem Terran - Winner!

Build Orders:  

Get SALT Encoding   

  12  0:00  SCV  
  13  0:12  SCV  
  14  0:16  Supply Depot  
  14  0:24  SCV  
  15  0:38  SCV, Barracks  
  16  0:43  Refinery  
  16  0:50  SCV  
  17  1:02  SCV  
  18  1:14  SCV  
  19  1:26  Barracks Reactor  
  19  1:27  Orbital Command  
  19  1:41  Command Center  
  19  1:49  Supply Depot  
  19  1:52  SCV  
  20  2:03  Marine x2  
  20  2:05  SCV  
  23  2:11  Factory  
  23  2:17  SCV  
  23  2:21  Marine x2  
  26  2:28  Refinery  
  26  2:29  SCV  
  27  2:39  Marine x2  
  27  2:41  SCV  
  30  2:53  SCV  
  30  2:55  Orbital Command  
  30  2:56  Starport  
  31  2:59  Widow Mine  
  31  3:03  Marine  
  31  3:04  Marine  
  35  3:06  SCV  
  35  3:18  SCV  
  34  3:20  Widow Mine  
  34  3:21  Marine, SCV  
  34  3:22  Marine  
  34  3:26  Supply Depot  
  39  3:32  SCV  
  42  3:39  SCV  
  42  3:40  Barracks  
  43  3:42  Factory Tech Lab  
  43  3:45  Marine, SCV  
  43  3:46  Marine  
  46  3:51  SCV  
  46  3:54  Supply Depot  
  47  3:57  SCV  
  47  3:58  Viking  
  47  4:01  Cyclone  
  50  4:04  Marine x2  
  50  4:07  SCV  
  50  4:09  SCV  
  54  4:16  Supply Depot  
  54  4:19  SCV  
  54  4:21  SCV  
  54  4:22  Marine x2  
  58  4:29  Barracks  
  58  4:31  SCV  
  59  4:33  SCV, Engineering Bay  
  59  4:40  Marine x2  
  59  4:43  Marine, SCV  
  59  4:45  Supply Depot, SCV  
  64  4:50  Refinery  
  64  4:53  Factory Reactor, Stimpack  
  64  4:55  SCV, Starport Reactor  
  64  4:57  SCV  
  64  4:58  Marine x2  
  68  5:00  Refinery  
  68  5:02  Supply Depot  
  68  5:04  Marine  
  69  5:07  SCV, Terran Infantry Weapons Level 1  
  69  5:11  SCV  
  71  5:15  Marine  
  71  5:16  Marine  
  71  5:17  Barracks Tech Lab  
  71  5:18  Supply Depot  
  71  5:19  SCV  
  74  5:22  Marine  
  74  5:23  SCV  
  74  5:31  Supply Depot, Widow Mine x2, SCV  
  74  5:33  Marine x2  
  81  5:39  Medivac x2  
  81  5:40  Marauder  
  87  5:42  Supply Depot  
  87  5:47  Marauder  
  89  5:51  Combat Shield  
  89  5:54  Widow Mine x2  
  89  5:55  SCV x2  
  95  5:59  Marine x2, Supply Depot  
  97  6:11  Command Center  
  97  6:16  Marauder, Missile Turret  
  97  6:18  Medivac  
  101  6:21  Medivac  
  101  6:23  Widow Mine  
  107  6:25  Widow Mine  
  107  6:27  Marine  
  107  6:29  Marine  
  107  6:32  Marauder  
  104  6:34  SCV  
  104  6:35  SCV  
  104  6:39  Marauder  
  105  6:45  Widow Mine  
  105  6:46  Marine  
  106  6:47  Widow Mine  
  106  6:48  Medivac  
  106  6:51  SCV x2  
  106  6:53  Marine, Marauder  
  105  7:00  Marauder  
  103  7:03  SCV  
  103  7:04  Barracks  
  103  7:05  SCV  
  103  7:06  Barracks  
  105  7:12  Widow Mine x2  
  105  7:13  Terran Infantry Armor Level 1  
  105  7:15  SCV  
  110  7:16  Marine x2  
  110  7:21  SCV  
  113  7:26  Marauder x2  
  113  7:27  SCV  
  118  7:31  SCV  
  118  7:34  Marine  
  117  7:38  Widow Mine  
  117  7:41  Marine  
  117  7:44  Orbital Command  
  116  7:45  SCV x2  
  116  7:48  Marauder  
  116  7:49  Widow Mine  
  113  7:51  Medivac x2  
  113  7:53  Barracks Reactor  
  113  7:54  Barracks Tech Lab  
  113  7:56  Marine  
  113  7:57  SCV, Marauder  
  116  8:00  Supply Depot  
  116  8:04  SCV, Widow Mine  
  117  8:09  Marine  
  117  8:10  Widow Mine  
  123  8:12  Marauder x2  
  123  8:14  SCV x2  
  123  8:16  Supply Depot  
  123  8:17  SCV  
  123  8:18  Marauder  
  125  8:22  Marine  
  125  8:25  Medivac x2  
  127  8:30  SCV x3, Concussive Shells  
  127  8:31  Marine, Supply Depot  
  127  8:32  Marine  
  132  8:34  Marauder  
  132  8:37  Marine  
  132  8:40  Marauder  
  132  8:41  Engineering Bay  
  135  8:42  Armory  
  135  8:44  Refinery  
  135  8:45  Refinery, Marine  
  134  8:49  Widow Mine x2  
  134  8:50  Marauder  
  134  8:52  Marine x2  
  134  8:55  Medivac, Marauder  
  145  8:59  Marine  
  145  9:01  Marine  
  141  9:04  Marine  
  141  9:07  SCV  
  133  9:10  Marine, Medivac  
  133  9:11  Marauder  
  133  9:15  Marine  
  133  9:17  Marine, Marauder  
  141  9:20  Marauder  
  141  9:22  Command Center  
  144  9:25  Widow Mine x2  
  144  9:27  Marine  
  143  9:31  Marine  
  143  9:33  Marine, Marauder  
  143  9:35  Marine  
  143  9:36  Supply Depot  
  143  9:38  Marauder  
  150  9:41  Marauder  
  150  9:45  Marine  
  145  9:46  Widow Mine  
  145  9:47  Medivac x2  
  145  9:49  Marine  
  145  9:51  Marine  
  145  9:52  Widow Mine  
  149  9:54  Marauder  
  149  9:55  Marine  
  149  10:06  Marine x2  
  145  10:07  Widow Mine, Marauder  
  145  10:10  Marine  
  145  10:12  Marine  
  149  10:15  Marauder  
  149  10:20  Barracks  
  149  10:21  Marine, Widow Mine, Barracks  
  152  10:22  Barracks  
  152  10:25  Marauder  
  148  10:29  Widow Mine  
  148  10:30  Marine  
  148  10:31  Marauder  
  150  10:37  Marauder  
  150  10:42  Widow Mine  

Tags
 
Add a new tag
Caveats
  • Supply blocks, unpowered buildings, or Contaminate may cause inaccurate times.
  • Supply counts are checked every 10 seconds.